 Dungeon Crawl Stone Soup version 0.30.1-9-gdf580d7c3d (webtiles) character file.

Game seed: 6256500358191013919

298836 growler the Cloud Mage (level 20, -19/123 (130) HPs)
             Began as a Tengu Air Elementalist on Oct 23, 2023.
             Was the Champion of Hepliaklqana.
             Killed from afar by Margery (41 damage)
             ... with a fireball
             ... on level 3 of the Vaults on Oct 24, 2023.
             The game lasted 03:17:07 (69274 turns).

growler the Cloud Mage (Tengu Air Elementalist)    Turns: 69274, Time: 03:17:10

HP:   -19/123 (130) AC: 16    Str:  8    XL:     20   Next: 97%
MP:   0/37          EV: 20    Int: 33    God:    Hepliaklqana [******]
Gold: 3055          SH: 16    Dex: 18    Spells: 20/43 levels left

rFire   . . .        V - staff of air
rCold   . . .        D - +3 kite shield {AC+3}
rNeg    . . .        t - +2 robe {Archmagi}
rPois   .            X - +2 hat
rElec   +            s - scarf of Experimentation {+Inv, Int+5}
rCorr   .            F - +2 pair of gloves
SInv    .            (boots unavailable)
Will    +....        W - amulet of the acrobat
Stlth   ++           Z - +6 ring of intelligence
HPRegen 0.40/turn    r - +4 ring of protection
MPRegen 0.25/turn

%: acrobat, archmagi
@: flying quickly and evasively, drained, quick
A: reduced essence, beak, talons 3, nimble flight
}: 2/15 runes: serpentine, barnacled
a: Renounce Religion, Evoke Invisibility, Recall Ancestor, Ancestor Identity,
Transference, Idealise


You were on level 3 of the Vaults.
You worshipped Hepliaklqana.
Hepliaklqana was exalted by your worship.
You visited 7 branches of the dungeon, and saw 34 of its levels.
You visited 1 bazaar.

You collected 4009 gold pieces.
You spent 954 gold pieces at shops.

Inventory:

Hand Weapons
 a - a +6 rapier of speed
 y - a +3 dagger of venom
Armour
 i - a +2 hat
 s - the scarf of Experimentation (worn) {+Inv, Int+5}
   (You bought it in a shop in a bazaar)

   Int:       It affects your intelligence (+5).
 t - a +2 robe of the Archmagi (worn)
 w - a +2 robe of willpower
 D - a +3 kite shield of protection (worn)
 F - a +2 pair of gloves (worn)
 H - a +1 cloak
 X - a +2 hat (worn)
Magical Staves
 V - a staff of air (weapon)
Jewellery
 f - a ring of see invisible
 h - a ring of poison resistance
 r - a +4 ring of protection (right hand)
 u - a +5 ring of evasion
 A - a ring of willpower
 B - a ring of protection from cold
 W - an amulet of the acrobat (around neck)
 Z - a +6 ring of intelligence (left hand)
Wands
 p - a wand of roots (13)
 C - a wand of digging (3)
 E - a wand of charming (39)
 L - a wand of polymorph (8)
 R - a wand of mindburst (27)
 T - a wand of flame (9)
 Y - a wand of acid (9)
Scrolls
 d - 3 scrolls of brand weapon
 j - 4 scrolls of torment
 k - 5 scrolls of poison
 n - 19 scrolls of teleportation
 v - 8 scrolls of vulnerability
 x - a scroll of blinking
 G - 7 scrolls of fog
 I - 9 scrolls of magic mapping
 J - 2 scrolls of identify
 M - 4 scrolls of immolation
 P - a scroll of butterflies
 S - 2 scrolls of fear
Potions
 b - 6 potions of brilliance
 c - 20 potions of curing
 e - 3 potions of resistance
 g - 12 potions of mutation
 l - 3 potions of heal wounds
 m - a potion of cancellation
 o - 5 potions of attraction
 q - 7 potions of lignification
 z - 5 potions of haste
 K - 2 potions of magic
 N - a potion of might
 O - a potion of invisibility
 Q - 4 potions of ambrosia
 U - 3 potions of berserk rage


   Skills:
 + Level 21.8 Fighting
 - Level 14.0 Short Blades
 - Level 11.0 Dodging
 - Level 2.0 Stealth
 - Level 12.0 Shields
 - Level 12.0 Spellcasting
 - Level 6.0 Conjurations
 - Level 24.0 Air Magic
 + Level 4.5 Evocations


You had 20 spell levels left.
You knew the following spells:

 Your Spells              Type           Power      Damage    Failure   Level
a - Shock                 Conj/Air       100%       1d9       0%          1
b - Static Discharge      Conj/Air       100%       2-7/arc   1%          2
c - Swiftness             Air            100%       N/A       0%          3
d - Airstrike             Air            79%        2d(12-28) 0%          4
e - Arcjolt               Conj/Air       66%        1d76      1%          5
f - Maxwell's Capacitive  Air            79%        ∞         2%          8

Your spell library contained the following spells:

 Spells                   Type           Power      Damage    Failure   Level
 Vhi's Electric Charge    Tloc/Air       100%       N/A       1%          3
 Summon Lightning Spire   Summ/Air       100%       N/A       1%          4
 Hailstorm                Conj/Ice       56%        3d12      6%          3
 Freeze                   Ice            100%       1d10      7%          1
 Necrotise                Necr           100%       1d9       7%          1
 Frozen Ramparts          Ice            58%        1d9       21%         3
 Gell's Gravitas          Tloc           29%        N/A       21%         3
 Inner Flame              Hex/Fire       29%        N/A       21%         3
 Teleport Other           Tloc           29%        N/A       21%         3
 Vampiric Draining        Necr           29%        2d8       21%         3
 Flame Wave               Conj/Fire      56%        2d13      21%         4
 Sticky Flame             Conj/Fire      56%        2d7       21%         4
 Leda's Liquefaction      Hex/Erth       14%        N/A       56%         4
 Olgreb's Toxic Radiance  Pois           29%        N/A       56%         4
 Petrify                  Tmut/Erth      29%        N/A       56%         4
 Summon Ice Beast         Ice/Summ       29%        N/A       56%         4
 Agony                    Necr           29%        N/A       88%         5
 Lee's Rapid Deconstruct  Erth           14%        3d9*      88%         5
 Metabolic Englaciation   Hex/Ice        14%        N/A       88%         5
 Summon Mana Viper        Hex/Summ       29%        N/A       88%         5
 Dispersal                Tloc           14%        N/A       100%        6
 Simulacrum               Ice/Necr       14%        N/A       100%        6
 Statue Form              Tmut/Erth      19%        N/A       100%        6
 Monstrous Menagerie      Summ           14%        N/A       100%        7
 Ozocubu's Refrigeration  Ice            14%        4d10      100%        7
 Discord                  Hex            14%        N/A       100%        8
 Ignition                 Fire           14%        3d6       100%        8
 Polar Vortex             Ice            14%        N/A       100%        9


Dungeon Overview and Level Annotations

Branches:
Dungeon (15/15)            Temple (1/1) D:5            Lair (5/5) D:10
 Shoals (4/4) Lair:3        Snake (4/4) Lair:2        Slime (0/5) Lair:5
    Orc (2/2) D:11            Elf (0/3) Orc:2        Vaults (3/5) D:13
  Crypt (0/3) Vaults:2     Depths (0/4) D:15

Altars:
Ashenzari
Cheibriados
Dithmenos
Elyvilon
Fedhas
Gozag
Hepliaklqana
Kikubaaqudgha
Makhleb
Nemelex Xobeh
Okawaru
Qazlal
Ru
Sif Muna
Trog
Uskayaw
Vehumet
Wu Jian
Xom
Yredelemnul
Zin
The Shining One
Jiyva

Shops:
D:7 :   D:15 :   Orc:2 [*?!   Shoals:1 (   Snake:1 *   Snake:2 ?   Snake:3 *:=:
Vaults:1 ?   Vaults:2 =

Portals:
Trove: D:14 (give +3 shadow dragon scales)

Annotations:
D:5 2 transporters
D:7 2 transporters, exclusion: oklob plant, Psyclone's ghost, novice DECj
D:11 3 runed translucent doors, tkbsonic5's ghost, journeyman DjFE
Vaults:3 Margery


Innate Abilities, Weirdness & Mutations

Your life essence is reduced to manifest your ancestor. (-10% HP)
You have a beak for a mouth.
You have claws for feet.
Your magical nature lets you fly swiftly and evasively.


Message History

The bolt of fire hits the hell knight.
The hell knight completely resists.
The bolt of fire hits the hell knight.
The hell knight completely resists.
The bolt of fire hits the hell knight.
The hell knight completely resists.
The bolt of fire misses you.
The hell knight mumbles some strange prayers to its god.
The hell knight blinks!
You block the hell knight's attack.
Unknown command.
The hell knight utters an invocation to its god.
The hell knight blinks!
The necromancer gestures at you while chanting.
The bolt of negative energy hits you!!
You feel drained. The hell knight barely misses you.
The hell knight completely misses you.
The hell knight hits you but does no damage.
Unknown command.
Casting: Arcjolt (mildly dangerous; 1% risk of failure)
Confirm with . or Enter, or press ? or * to list all spells.
You feel a strong surge of power!
Electricity surges outward!
The hell knight is struck by an electric surge!!!
The hell knight is almost dead.
The hell knight is struck by an electric surge!!!
You kill the hell knight!
The necromancer is struck by an electric surge!!!
You kill the necromancer!
The hell knight is struck by an electric surge!!!
You kill the hell knight!
The hell knight is struck by an electric surge!!
The hell knight is moderately wounded.
Margery is struck by an electric surge.
Margery is heavily wounded.
A freezing mist starts to gather... x2 2 hell knight simulacra come into view.
The hell knight hits you with a +3 glaive of flaming!!
* * * LOW HITPOINT WARNING * * *
The hell knight burns you!
* * * LOW HITPOINT WARNING * * *
You block the hell knight's attack. Margery casts a spell at you.
The fireball explodes!
The fireball engulfs you!!!
You die...

#........# #........#
#........#########
#........##......#
#.....[..##......#
#........##......#
#######'###......#
#......# #...p..# #
#......# #.p@...# #
#......# #.)))..# #
#......# #Z.@.Z.# #
#......# #......#
#......# #......#
#####......####'#####
....#......##......#
....#......##..§...#
....'......##....).#


You could see Margery (soul bound), 2 hell knights and 2 hell knight simulacra.

Vanquished Creatures
  An ancient lich (Vaults:2)
  Vashnia (Snake:4)
  Saint Roka (Snake:4)
  Nikola (Vaults:1)
  Jory (Vaults:3)
  Rupert (D:13)
  Gastronok (D:8)
  Kirke (D:15)
  7 nagarajas
  Roxanne (Snake:3)
  4 vault wardens
  Ilsuiw (Shoals:3)
  Aizul (Snake:3)
  11 ironbound preservers
  2 orc warlords
  2 ironbound thunderhulks
  A very ugly thing (Vaults:1)
  3 dire elephants (Vaults:1)
  A deep elf demonologist (Vaults:3)
  2 ettins
  3 merfolk javelineers
  Josephine (D:15)
  2 rakshasas (D:15)
  6 merfolk impalers
  7 great orbs of eyes
  A yaktaur captain (Vaults:3)
  A fire dragon (D:14)
  2 vault guards (Vaults:3)
  A peacekeeper (Vaults:2)
  An ice dragon (Lair:5)
  3 hydras (D:14)
  7 centaur warriors
  2 catoblepae
  Erica (D:8)
  An ogre mage (Orc:2)
  2 death knights (Vaults:2)
  4 alligator snapping turtles
  5 anacondas
  7 ironbound frosthearts
  3 boulder beetles
  2 dancing weapons (D:13)
  4 merfolk aquamancers
  A satyr (Shoals:4)
  7 two-headed ogres
  13 naga warriors
  2 merfolk avatars
  An orc high priest (Orc:1)
  Urug (Lair:4)
  2 hell knights (Vaults:3)
  3 shock serpents
  Sonja (D:13)
  7 naga sharpshooters
  5 skysharks
  8 skeletal warriors (D:14)
  4 salamander mystics
  14 sea snakes
  39 deep trolls
  4 naga ritualists (Snake:4)
  A glowing orange brain (D:15)
  A kraken simulacrum (Shoals:4)
  A wolf spider zombie (D:14)
  2 deep elf pyromancers
  5 wizards
  8 ironbound convokers
  7 harpies
  2 necromancers
  8 orc knights
  14 lindwurms
  5 mana vipers
  2 oklob plants
  A wolf spider (Lair:5)
  4 cyclopes
  5 fauns
  8 orc sorcerers
  7 merfolk sirens
  16 manticores
  13 salamanders
  14 ugly things
  33 black mambas
  25 naga magi
  A centaur zombie (D:14)
  Maurice (D:8)
  5 elephants (Lair:3)
  10 guardian serpents
  4 water nymphs
  8 vault sentinels
  3 torpor snails
  7 gargoyles
  10 cane toads
  7 yaktaurs
  A yaktaur (shapeshifter) (D:14)
  A rime drake (Lair:5)
  9 komodo dragons
  3 wind drakes
  A tengu conjurer (D:14)
  21 merfolk
  3 meliai (D:13)
  A polar bear (Lair:2)
  4 trolls
  12 hornets
  3 tyrant leeches (Lair:5)
  7 blink frogs (Lair:5)
  3 dream sheep (Shoals:1)
  11 snapping turtles
  21 slime creatures
  6 wraiths
  2 centaur simulacra (D:14)
  8 wyverns
  A spriggan (shapeshifter) (D:15)
  A vampire (D:11)
  18 water elementals
  A shadow (D:12)
  35 yaks
  3 hogs (D:15)
  3 basilisks
  A human (D:15)
  Eustachio (D:5)
  A fire elemental (Lair:1)
  2 steam dragons
  10 vampire mosquitoes
  40 nagas
  4 wargs
  2 acid dragons
  A swamp worm (shapeshifter) (D:15)
  21 water moccasins
  Duvessa (D:4)
  4 hell hounds
  24 orc warriors
  A sky beast (D:7)
  4 black bears
  3 boggarts (Vaults:2)
  5 ogres
  10 centaurs
  18 wolves
  A phantom (D:4)
  9 bullfrogs
  2 gnoll sergeants
  10 wights
  Dowan (D:4)
  17 killer bees
  A howler monkey (D:11)
  4 electric eels
  A gnoll bouda (Orc:1)
  A jelly (D:6)
  13 orc priests
  6 hounds
  Jessica (D:3)
  2 sleepcaps (D:4)
  Ijyb (D:3)
  5 iguanas
  42 orc wizards
  6 hexers
  23 gnolls
  2 adders
  2 worms
  72 orcs
  8 ball pythons
  7 endoplasms
  4 giant cockroaches
  4 hobgoblins
  4 jackals (D:3)
  2 kobolds
  2 quokkas
  3 bats
  7 goblins
  3 rats
1058 creatures vanquished.

Vanquished Creatures (collateral kills)
  5 nagarajas (Snake:4)
  A vault warden (Vaults:3)
  2 ironbound thunderhulks
  2 ironbound preservers
  A dire elephant (Vaults:1)
  Azrael (D:15)
  2 merfolk impalers
  A hydra (Lair:4)
  A yaktaur captain (Vaults:3)
  2 centaur warriors
  A merfolk avatar (Shoals:4)
  2 salamander tyrants (Snake:4)
  A two-headed ogre (Orc:2)
  2 boulder beetles
  An alligator snapping turtle (Shoals:4)
  7 naga warriors
  A tengu warrior (D:14)
  2 anacondas
  5 naga sharpshooters
  A satyr (Shoals:4)
  4 shock serpents
  2 skysharks (Shoals:2)
  5 sea snakes
  2 salamander mystics
  4 deep trolls
  2 wizards (Vaults:1)
  2 harpies (Shoals:3)
  An ironbound convoker (Vaults:1)
  2 orc sorcerers
  4 naga ritualists
  10 ugly things
  A mana viper (Snake:1)
  4 salamanders
  2 manticores
  A cyclops (D:11)
  2 fauns
  6 slime creatures
  A merfolk siren (Shoals:2)
  An elephant (Lair:3)
  2 guardian serpents (Snake:3)
  4 black mambas
  3 vault sentinels
  5 torpor snails
  3 cane toads (Lair:5)
  2 komodo dragons (Lair:5)
  A yaktaur (Vaults:2)
  6 merfolk
  A tyrant leech (Lair:5)
  2 hornets (Lair:5)
  2 blink frogs (Lair:5)
  A blink frog (shapeshifter) (D:13)
  A snapping turtle (Shoals:4)
  A spriggan (shapeshifter) (D:13)
  3 wyverns (Lair:5)
  2 wraiths
  A hog (D:15)
  2 basilisks (Lair:5)
  4 water elementals
  6 yaks
  A golden eye (shapeshifter) (D:13)
  3 vampire mosquitoes
  8 nagas
  5 wargs
  4 orc warriors
  3 ogres
  4 wolves
  7 killer bees
  A howler monkey (D:13)
  A lava snake (D:9)
  A gnoll bouda (D:5)
  3 orc priests (Orc:1)
  16 orc wizards
  3 gnolls
  15 orcs
224 creatures vanquished.

Vanquished Creatures (others)
  A yaktaur (Vaults:2)
  A human (D:15)
  A centaur (D:9)
  A bullfrog (D:9)
  2 howler monkeys (D:9)
  35 hexers
  2 tentacles (Shoals:4)
43 creatures vanquished.

Grand Total: 1325 creatures vanquished

Notes
Turn   | Place    | Note
-------+----------+-------------------------------------------
     0 | D:1      | growler the Tengu Air Elementalist began the quest for the
                  | Orb.
     0 | D:1      | Reached XP level 1. HP: 10/10 MP: 4/4
   208 | D:1      | Reached XP level 2. HP: 15/15 MP: 1/6
   212 | D:1      | Learned a level 2 spell: Static Discharge
   667 | D:2      | Found a bloodstained altar of Trog.
   733 | D:2      | Identified the +3 short sword of the Eternal Void {freeze,
                  | SInv}
   951 | D:2      | Reached XP level 3. HP: 19/19 MP: 5/7
  1069 | D:2      | Found a faded altar of an unknown god.
  1999 | D:3      | Found a hazy altar of Hepliaklqana.
  2006 | D:3      | Became a worshipper of Hepliaklqana the Forgotten
  2067 | D:3      | Found an ancient bone altar of Kikubaaqudgha.
  2099 | D:3      | Reached XP level 4. HP: 24/24 MP: 0/9
  2215 | D:3      | Noticed Jessica
  2249 | D:3      | Killed Jessica
  2250 | D:3      | Reached skill level 5 in Air Magic
  2334 | D:2      | Learned a level 3 spell: Swiftness
  2494 | D:3      | Gained mutation: Your magical nature lets you fly swiftly
                  | and evasively. [Tengu growth]
  2494 | D:3      | Reached XP level 5. HP: 18/28 MP: 0/10
  2502 | D:3      | Noticed Ijyb
  2567 | D:2      | Learned a level 4 spell: Airstrike
  3090 | D:4      | Noticed Duvessa
  3091 | D:4      | Noticed Dowan
  3115 | D:4      | Killed Duvessa
  3116 | D:4      | Reached XP level 6. HP: 30/32 MP: 0/12
  3118 | D:4      | Killed Dowan
  3119 | D:4      | Reached skill level 6 in Air Magic
  3484 | D:4      | Reached * piety under Hepliaklqana
  3507 | D:4      | Reached skill level 5 in Conjurations
  3674 | D:4      | Found a bloodstained altar of Trog.
  3782 | D:4      | Reached XP level 7. HP: 32/32 MP: 8/14
  4279 | D:3      | Found an ancient bone altar of Kikubaaqudgha.
  4496 | D:3      | Killed Ijyb
  4660 | D:3      | Found a hazy altar of Hepliaklqana.
  5057 | D:5      | Entered Level 5 of the Dungeon
  5286 | D:5      | Reached skill level 7 in Air Magic
  5370 | D:5      | Found a transporter.
  5383 | D:5      | Noticed Eustachio
  5415 | D:4      | HP: 1/32 [/static electricity (4)]
  5554 | D:5      | Killed Eustachio
  5555 | D:5      | Reached skill level 1 in Fighting
  5828 | D:5      | Found a burning altar of Makhleb.
  5839 | D:5      | Found a staircase to the Ecumenical Temple.
  5886 | D:5      | Reached skill level 5 in Spellcasting
  5886 | D:5      | Reached XP level 8. HP: 29/39 MP: 7/16
  5927 | Temple   | Entered the Ecumenical Temple
  6344 | D:5      | Reached skill level 8 in Air Magic
  6584 | D:5      | Found a transporter.
  7159 | D:6      | Reached ** piety under Hepliaklqana
  7160 | D:6      | Remembered your ancestor Reggie B. as a hexer
  7382 | D:6      | Reached skill level 9 in Air Magic
  8092 | D:7      | Found a transporter.
  8096 | D:7      | Noticed Psyclone's ghost (novice DECj)
  8109 | D:7      | Found a transporter.
  8113 | D:7      | Noticed an oklob plant
  8124 | D:7      | Reached XP level 9. HP: 46/46 MP: 14/19
  8128 | D:7      | Reached skill level 1 in Short Blades
  8225 | D:7      | Found Yruyd Xeryke's Book Boutique.
  8456 | D:7      | Reached skill level 10 in Air Magic
  8949 | D:8      | Reached skill level 5 in Fighting
  9331 | D:8      | Noticed Erica
  9630 | D:8      | Reached skill level 11 in Air Magic
  9906 | D:8      | Reached *** piety under Hepliaklqana
 10049 | D:8      | Noticed Maurice
 10052 | D:8      | Killed Maurice
 10053 | D:8      | Reached skill level 5 in Short Blades
 10053 | D:8      | Reached XP level 10. HP: 54/54 MP: 7/20
 10337 | D:8      | Found a sacrificial altar of Ru.
 10446 | D:8      | Noticed Gastronok
 10530 | D:8      | Killed Gastronok
 10531 | D:8      | Reached skill level 12 in Air Magic
 11127 | D:9      | Found a shadowy altar of Dithmenos.
 11435 | D:9      | Identified the +0 leather armour "Edwyadgh" {rElec}
 11538 | D:9      | Found a shimmering blue altar of Sif Muna.
 11539 | D:9      | Found a blossoming altar of Fedhas.
 11796 | D:9      | Reached skill level 13 in Air Magic
 11796 | D:9      | Reached XP level 11. HP: 28/61 MP: 21/21
 12284 | D:9      | Noticed a two-headed ogre
 12284 | D:9      | Noticed a two-headed ogre
 12294 | D:9      | Killed a two-headed ogre
 12340 | D:9      | Killed a two-headed ogre
 12498 | D:9      | Found a shimmering altar of Xom.
 12561 | D:10     | Entered Level 10 of the Dungeon
 12933 | D:10     | Reached **** piety under Hepliaklqana
 13021 | D:10     | Noticed an oklob plant
 13325 | D:10     | Found a staircase to the Lair.
 13331 | D:10     | Killed an oklob plant
 13540 | D:10     | You are sucked into a shaft and drop 1 floor!
 13659 | D:10     | Reached skill level 14 in Air Magic
 14490 | D:11     | Noticed a cyclops
 14493 | D:11     | Killed a cyclops
 14925 | D:11     | Found a staircase to the Orcish Mines.
 14959 | D:11     | Noticed a boulder beetle
 14963 | D:11     | Killed a boulder beetle
 15521 | D:11     | Noticed a two-headed ogre
 15525 | D:11     | Killed a two-headed ogre
 15526 | D:11     | Reached skill level 10 in Fighting
 15526 | D:11     | Reached XP level 12. HP: 69/69 MP: 5/22
 15764 | D:11     | Found a runed translucent gate.
 15764 | D:11     | Found a runed translucent gate.
 15765 | D:11     | Noticed tkbsonic5's ghost (journeyman DjFE)
 15765 | D:11     | Noticed an 11-headed hydra
 15765 | D:11     | Noticed a 12-headed hydra
 15766 | D:11     | Found a runed translucent gate.
 16293 | Lair:1   | Entered Level 1 of the Lair of Beasts
 16358 | Lair:1   | Reached skill level 10 in Short Blades
 16528 | Lair:1   | Reached skill level 1 in Shields
 16528 | Lair:1   | Reached skill level 15 in Air Magic
 17159 | Lair:1   | Reached ***** piety under Hepliaklqana
 18327 | Lair:2   | Found a staircase to the Snake Pit.
 18343 | Lair:2   | Noticed a catoblepas
 18350 | Lair:2   | Killed a catoblepas
 18565 | D:7      | Bought Maxwell's Memoranda for 532 gold pieces
 18571 | D:7      | Learned a level 5 spell: Arcjolt
 19455 | Lair:3   | Noticed a skyshark
 19460 | Lair:3   | Killed a skyshark
 19667 | Lair:3   | Reached skill level 16 in Air Magic
 19755 | Lair:3   | Found a staircase to the Shoals.
 19874 | Lair:3   | Reached skill level 5 in Shields
 20085 | Lair:3   | Reached XP level 13. HP: 76/76 MP: 10/23
 20436 | Lair:3   | Identified 2 scrolls of acquirement
 20436 | Lair:3   | Acquired a staff of air
 20698 | Lair:4   | Found a snail-covered altar of Cheibriados.
 21884 | Lair:4   | Reached skill level 17 in Air Magic
 22091 | Lair:4   | Noticed Urug
 22104 | Lair:4   | Killed Urug
 22775 | Lair:4   | Learned a level 8 spell: Maxwell's Capacitive Coupling
 22786 | Lair:5   | Entered Level 5 of the Lair of Beasts
 22946 | Lair:5   | Paralysed by a hornet for 3 turns
 23152 | Lair:5   | Found a runed translucent door.
 23153 | Lair:5   | Noticed an ice dragon
 24179 | Lair:5   | Reached XP level 14. HP: 53/82 MP: 19/24
 24424 | Lair:5   | Reached skill level 18 in Air Magic
 24425 | Lair:5   | Reached skill level 5 in Dodging
 25903 | Lair:5   | Found a viscous altar of Jiyva.
 25904 | Lair:5   | Found a staircase to the Slime Pits.
 26862 | Lair:5   | Acquired 789 gold pieces
 26975 | Orc:1    | Entered Level 1 of the Orcish Mines
 27288 | Orc:1    | Noticed an orc warlord
 27298 | Orc:1    | Killed an orc warlord
 28725 | Orc:2    | Entered Level 2 of the Orcish Mines
 29304 | Orc:2    | Found a staircase to the Elven Halls.
 29318 | Orc:1    | Reached skill level 19 in Air Magic
 29478 | Orc:1    | Reached ****** piety under Hepliaklqana
 29685 | Orc:2    | Reached XP level 15. HP: 90/90 MP: 12/25
 29873 | Orc:2    | Found Lyschiono's Assorted Antiques.
 29873 | Orc:2    | Found Toivuam's Armour Shoppe.
 30293 | Orc:2    | Found Cet Paraj's Magic Scroll Shoppe.
 30293 | Orc:2    | Found Quded's Distillery.
 30300 | Orc:2    | Reached skill level 10 in Shields
 32245 | D:13     | Found a gate to the Vaults.
 32383 | D:13     | Noticed Rupert
 32458 | D:13     | Killed Rupert
 32953 | D:13     | Noticed Sonja
 32955 | D:13     | Killed Sonja
 34531 | D:14     | Reached skill level 20 in Air Magic
 35182 | D:14     | Found a portal to a secret trove of treasure.
 35414 | D:14     | Reached skill level 15 in Fighting
 35479 | D:14     | Reached XP level 16. HP: 97/97 MP: 17/26
 35683 | D:14     | Reached skill level 10 in Dodging
 36330 | D:15     | Entered Level 15 of the Dungeon
 36335 | D:15     | Noticed Azrael
 36475 | D:15     | Killed Azrael
 36699 | D:15     | Noticed Kirke
 36703 | D:15     | Killed Kirke
 37010 | D:15     | Found a staircase to the Depths.
 38035 | D:15     | Found Qealaarch's Book Boutique.
 38035 | D:15     | Noticed a walking frostbound tome
 38036 | D:15     | Noticed a walking earthen tome
 38096 | D:15     | Noticed Josephine
 38102 | D:15     | Killed Josephine
 39231 | Snake:1  | Entered Level 1 of the Snake Pit
 39933 | Snake:1  | Found Raragag's General Store.
 40271 | Snake:1  | Reached skill level 21 in Air Magic
 41074 | Snake:2  | Found Tuuhuvea's Magic Scroll Boutique.
 43697 | Snake:3  | Noticed Roxanne
 43702 | Snake:3  | Killed Roxanne
 43703 | Snake:3  | Reached XP level 17. HP: 103/103 MP: 19/28
 44251 | Snake:3  | Found Acawkeuss's CLEARANCE SALE!.
 44353 | Snake:3  | Bought a scroll of identify for 8 gold pieces
 44847 | Snake:3  | Found Muhak's Book Emporium.
 44847 | Snake:3  | Found Iquffiq's Jewellery Boutique.
 44849 | Snake:3  | Found Zofinapi's Book Emporium.
 45439 | Snake:3  | Reached skill level 22 in Air Magic
 45492 | Snake:3  | Noticed Aizul
 45501 | Snake:3  | Killed Aizul
 46626 | Shoals:1 | Entered Level 1 of the Shoals
 47070 | Shoals:1 | Found Dooluph's Antique Weapon Emporium.
 50759 | Shoals:2 | Reached XP level 18. HP: 111/111 MP: 23/32
 51670 | Shoals:3 | Noticed Ilsuiw
 51673 | Shoals:3 | Reached skill level 23 in Air Magic
 51906 | Shoals:3 | Identified the +9 falchion of the Abyss {spect, rC+ Str+4
                  | SInv}
 52047 | Shoals:3 | Reached skill level 10 in Spellcasting
 52780 | Shoals:3 | Killed Ilsuiw
 53330 | D:8      | Killed Erica
 53693 | Snake:4  | Entered Level 4 of the Snake Pit
 55396 | Snake:4  | Noticed Vashnia
 55417 | Snake:4  | Killed Vashnia
 56341 | Snake:4  | Reached skill level 24 in Air Magic
 57275 | Snake:4  | Reached XP level 19. HP: 117/117 MP: 7/34
 57980 | Snake:4  | Noticed Saint Roka
 58013 | Snake:4  | Killed Saint Roka
 58404 | Snake:4  | Got a serpentine rune of Zot
 58853 | Shoals:4 | Entered Level 4 of the Shoals
 59844 | Shoals:4 | Got a barnacled rune of Zot
 60059 | Shoals:4 | Identified the +2 shortbow "Jellybane" {heavy, Dex+4 SInv}
 61243 | Shoals:4 | Identified the +0 scale mail "Wurok" {Str+4}
 62041 | Vaults:1 | Entered Level 1 of the Vaults
 62704 | Vaults:1 | Found Tytregud's Magic Scroll Shop.
 63109 | Vaults:1 | Noticed Nikola
 63129 | Vaults:1 | Killed Nikola
 63308 | Vaults:1 | HP: 5/119 [dire elephant (23)]
 64332 | Vaults:1 | Reached XP level 20. HP: 107/126 MP: 21/36
 66154 | Vaults:2 | Found a staircase to the Crypt.
 66744 | Vaults:2 | Found Jueddut's Jewellery Shop.
 67908 | Vaults:2 | Noticed an ancient lich
 67912 | Vaults:2 | Killed an ancient lich
 68318 | Vaults:3 | Found a flickering gateway to a bazaar.
 68330 | Bazaar   | Entered a bazaar
 68418 | Bazaar   | Found Zoifu's Weapon Emporium.
 68418 | Bazaar   | Found Cootiah's Weapon Shoppe.
 68440 | Bazaar   | Found Taimox's Jewellery Emporium.
 68440 | Bazaar   | Found Plog's Antique Armour Shoppe.
 68445 | Bazaar   | Bought a glowing hat for 140 gold pieces
 68445 | Bazaar   | Bought a steaming scarf for 200 gold pieces
 68445 | Bazaar   | Identified the scarf of Experimentation {+Inv, Int+5} (You
                  | bought it in a shop in a bazaar)
 68445 | Bazaar   | Bought a runed robe for 74 gold pieces
 68464 | Bazaar   | Found Uwossojo's Weapon Shoppe.
 68489 | Bazaar   | Found Nikhlixis's General Store.
 68489 | Bazaar   | Found Urafiaf's Assorted Antiques.
 68624 | Vaults:3 | Reached skill level 1 in Evocations
 69257 | Vaults:3 | Noticed Jory
 69262 | Vaults:3 | Killed Jory
 69263 | Vaults:3 | Noticed Margery
 69274 | Vaults:3 | Killed from afar by Margery

Illustrated notes

Levels and vault maps discovered:
D:1:      lightli_arrival_flooded_house, layout_rooms
D:2:      layout_loops_corners, basic_altar,
          hellmonk_ecumenical_altar_slurped_away
D:3:      layout_basic, mainiacjoe_overflow_six_doors_small,
          lemuel_doored_altar, uniq_jessica, uniq_ijyb
D:4:      layout_basic, trog_three_pillars_becter, uniq_duvessa
D:5:      gammafunk_wand_slinger, layout_basic,
          mainiacjoe_overflow_tiny_flanked, minmay_temple_entry_butterflies,
          dk_vineyard_2, uniq_eustachio
D:6:      layout_basic
D:7:      layout_loops_ring, serial_shops, nicolae_stop_n_shop_2,
          nzn_ghost_randoct
D:8:      layout_cave_pods, hangedman_ru_absence, uniq_maurice, uniq_erica,
          uniq_gastronok
D:9:      layout_basic, xom_confusion_cloud, nicolae_overflow_two_pavilions,
          nicolae_dithmenos_the_darkroom
D:10:     layout_loops_ring, dpeg_oklobed_lair, nicolae_underground_beach
D:11:     layout_basic, orc_0_dummy, gammafunk_ghost_hydra_chop
D:12:     layout_irregular_city, kennysheep_generic_room_10
D:13:     minmay_razor_zed, layout_gridville, erik_vaults_1, uniq_sonja,
          uniq_rupert
D:14:     layout_gridville, minivault_14, nicolae_trove_entry_crystal,
          serial_undead, serial_undead_e, serial_undead_d, serial_undead_d,
          serial_undead_e, minmay_fractal_squares_gapless_5
D:15:     gammafunk_enter_depths_forms, layout_loops_ring, nicolae_two_hexagons,
          serial_shops, nicolae_shop_mannequins, uniq_azrael, uniq_kirke,
          uniq_josephine
Temple:   nicolae_temple_bog_church
Lair:1:   layout_gridlike, serial_bayou_shore_a
Lair:2:   layout_roguey, guppyfry_snake_entry_garden, infiniplex_staircase_pool
Lair:3:   layout_long_grid, minmay_shoals_entry_centaurs,
          chequers_serial_rivers_micro_a, serial_bayou_pond_e,
          kennysheep_catoblepas_arena
Lair:4:   layout_hall_layers, kennysheep_snail_temple, uniq_urug
Lair:5:   hangedman_lair_tendril_chambers, layout_cave_shapes, wormcave,
          slime_entry_1, gauntlet_entry_generic, chequers_serial_rivers_micro_b,
          nzn_sisyphean_effort
Shoals:1: layout_shoals, serial_shops, shop, nicolae_shoals_lost_giant_baths,
          nicolae_shoals_nautilus_by_nature
Shoals:2: layout_shoals, nicolae_shoals_siren_and_animal_friends
Shoals:3: layout_shoals, uniq_ilsuiw
Shoals:4: shoals_end_grunt_ice, layout_shoals
Snake:1:  layout_basic, serial_shops, shop
Snake:2:  layout_layer_cave, serial_shops, nicolae_shop_trees
Snake:3:  layout_cave_pods, nicolae_shop_clearance, minmay_shop_grove,
          uniq_aizul, uniq_roxanne
Snake:4:  grunt_snake_rune_spirals, layout_onion,
          portal_ice_cave_entry_pillars_four, serial_bayou_lagoon_b,
          serial_bayou_shore_b, uniq_saint_roka, uniq_vashnia
Orc:1:    orc_temple, layout_caves
Orc:2:    st_orc_town, layout_caves
Vaults:1: nicolae_vaults_closet_pinwheel_6, nicolae_vaults_stairing_the_circle,
          ontoclasm_vaults_ligature, nicolae_vaults_trapezoid_1,
          nicolae_vaults_storage_closets_2, nicolae_vaults_layer_cake_slice,
          nicolae_vaults_tetromino_T_2, layout_vaults_omnigrid, serial_shops,
          nicolae_shop_back_alley_shop, uniq_nikola
Vaults:2: nicolae_vaults_tetromino_T_2, blue_anna_dwarven_crypt,
          nicolae_vaults_tetromino_T_1, v_misc_23, hangedman_vaults_capsules,
          hangedman_vaults_stagger, nicolae_vaults_shipping_containers_7,
          ontoclasm_vaults_idyll, hangedman_vaults_stream,
          nicolae_vaults_ninety_degrees, layout_vaults_omnicross, serial_shops,
          shop
Vaults:3: nicolae_vaults_turnstiles, hangedman_vaults_nodes,
          nicolae_vaults_mitosis, dpeg_vaults_monster_row,
          vaults_mumra_minichess_inversion, ontoclasm_vaults_pinch, v_misc_14,
          hangedman_vaults_variations, v_misc_25,
          ontoclasm_vaults_loading_screen, layout_vaults_maze, serial_shops,
          bzr_entry_dummy, uniq_jory, uniq_margery

Skill      XL: |  1  2  3  4  5  6  7  8  9 10 11 12 13 14 15 16 17 18 19 20 |
---------------+-------------------------------------------------------------+-----
Conjurations   | 2 3 4 5 6 |  6.0
Air Magic      | 5 6 7 9 11 13 14 16 17 19 20 21 22 24 | 24.0
Spellcasting   | 3 4 5 6 7 9 10 11 12 | 12.0
Fighting       | 1 4 6 8 10 11 12 14 15 16 17 18 19 21 | 21.8
Short Blades   | 5 7 9 10 11 14 | 14.0
Shields        | 5 7 9 11 12 | 12.0
Dodging        | 4 7 9 11 | 11.0
Evocations     | 4 |  4.5
Stealth        | |  2.0

Action                     |  1- 3 |  4- 6 |  7- 9 | 10-12 | 13-15 | 16-18 | 19-21 || total
---------------------------+-------+-------+-------+-------+-------+-------+-------++-------
  Melee: Rapier            |     1 |     3 |    11 |       |       |    12 |     5 ||    32
         Kick              |     1 |       |     5 |    55 |    80 |    99 |    68 ||   308
         Peck              |       |       |     3 |    33 |    51 |    69 |    48 ||   204
         Dagger            |       |       |       |   137 |    52 |     1 |       ||   190
         Punch             |       |       |       |     1 |       |       |       ||     1
         Staff             |       |       |       |       |   163 |   217 |   117 ||   497
   Cast: Shock             |    85 |    50 |   169 |   113 |   101 |    32 |       ||   550
         Static Discharge  |     2 |     1 |    25 |    30 |     2 |     4 |       ||    64
         Airstrike         |       |     4 |    38 |   167 |   299 |   542 |   193 ||  1243
         Arcjolt           |       |       |       |     3 |    96 |   115 |   164 ||   378
         Swiftness         |       |       |       |       |     1 |       |       ||     1
         Maxwell's Capacit |       |       |       |       |     6 |    12 |    21 ||    39
 Invoke: Recall Ancestor   |       |       |     4 |     3 |     7 |     4 |     2 ||    20
         Ancestor Identity |       |       |     1 |       |       |       |       ||     1
         Ancestor Life: He |       |       |     1 |       |       |       |       ||     1
  Evoke: Wand              |       |       |       |     2 |     7 |     6 |       ||    15
    Use: Scroll            |     3 |       |       |    21 |     8 |    12 |     3 ||    47
         Potion            |       |     1 |       |       |     1 |     2 |     2 ||     6
   Stab: Confused          |       |       |       |     3 |     4 |     5 |     6 ||    18
         Distracted        |       |       |       |       |     4 |     5 |     1 ||    10
         Paralysed         |       |       |       |       |    12 |    38 |    29 ||    79
         Sleeping          |       |       |       |       |       |       |     1 ||     1
 Armour: Robe              |     1 |     1 |    28 |    53 |    59 |    74 |    40 ||   256
  Dodge: Dodged            |     5 |     6 |    64 |   116 |   248 |   312 |   158 ||   909
  Block: Buckler           |       |       |       |     8 |    75 |       |       ||    83
         Kite shield       |       |       |       |       |    44 |   264 |   198 ||   506
